 Dungeon Crawl Stone Soup version 0.31.0 (webtiles) character file.

Game seed: 4041668513125233419

94323 solopath the Shatterer (level 16, -3/180 HPs)
             Began as an Oni Berserker on Jan 19, 2024.
             Was the Champion of Trog.
             Slain by a demonspawn (9 damage)
             ... on level 2 of the Orcish Mines on Jan 20, 2024.
             The game lasted 00:51:14 (27578 turns).

solopath the Shatterer (Oni Berserker)             Turns: 27578, Time: 00:51:15

Health: -3/180     AC: 12    Str: 31    XL:     16   Next: 11%
Magic:  16/16      EV: 10    Int: 11    God:    Trog [******]
Gold:   1813       SH:  0    Dex: 13    Spells: 15/15 levels left

rFire   . . .        z - +11 battleaxe of the Salmon {freeze, Will+ Int+3 Dex+5}
rCold   . . .        (shield currently unavailable)
rNeg    . . .        B - +1 steam dragon scales
rPois   .            (helmet restricted)
rElec   .            (no cloak)
rCorr   .            (gloves unavailable)
SInv    .            (boots unavailable)
Will    ++...        (no amulet)
Stlth   +            k - +4 ring of protection
HPRegen 0.50/turn    K - ring of flight
MPRegen 0.15/turn

%: no passive effects
@: on berserk cooldown, flying, slowed, very slow
A: large, unfitting armour, horns 1, tough skin 1, double potion healing,
drunken brawling
a: Renounce Religion, Berserk, Trog's Hand, Brothers in Arms


You were on level 2 of the Orcish Mines.
You worshipped Trog.
Trog was exalted by your worship.
You visited 3 branches of the dungeon, and saw 20 of its levels.
You also visited: Ice Cave.

You collected 2154 gold pieces.
You spent 341 gold pieces at shops.

Inventory:

Hand Weapons
 y - a +1 hand axe of flaming
 z - the +11 battleaxe of the Salmon (weapon) {freeze, Will+ Int+3 Dex+5}
   (You found it on level 6 of the Dungeon)

   Int+3:     It affects your intelligence (+3).
   Dex+5:     It affects your dexterity (+5).
   Will+:     It increases your willpower.
 T - the +5 giant club "Xiocin" {flame, rElec rN+}
   (Trog gifted it to you on level 1 of the Lair of Beasts)

   rElec:     It insulates you from electricity.
   rN+:       It protects you from negative energy.
Missiles
 d - 28 boomerangs (quivered)
 q - 2 darts of dispersal
 A - 6 silver javelins
 C - 2 curare-tipped darts
Armour
 B - +1 steam dragon scales (worn)
 E - +0 ice dragon scales
Jewellery
 e - a +6 ring of strength
 i - a ring of ice
 k - a +4 ring of protection (left hand)
 m - a ring of willpower
 K - a ring of flight (right hand)
 N - a ring of poison resistance
Wands
 b - a wand of quicksilver (20)
 v - a wand of flame (25)
 D - a wand of polymorph (14)
 G - a wand of roots (10)
 H - a wand of paralysis (6)
 L - a wand of mindburst (3)
Scrolls
 c - 2 scrolls of blinking
 f - 2 scrolls of immolation
 g - 3 scrolls of enchant weapon
 j - 3 scrolls of vulnerability
 p - 10 scrolls of teleportation
 w - 7 scrolls of identify
 M - 2 scrolls of enchant armour
 R - 4 scrolls of fog
 X - a scroll of brand weapon
Potions
 a - 2 potions of haste
 h - a potion of berserk rage
 l - 6 potions of lignification
 n - 7 potions of curing
 r - 3 potions of enlightenment
 s - 3 potions of mutation
 t - a potion of might
 u - 3 potions of heal wounds
 I - a potion of attraction
 U - 5 potions of resistance
 V - a potion of cancellation
 W - 2 potions of magic
Miscellaneous
 O - a phantom mirror
 P - a box of beasts
 Q - a phial of floods


   Skills:
 + Level 16.4 Fighting
 * Level 22.9 Maces & Flails
 + Level 8.5 Armour
 - Level 2.6 Dodging
 - Level 3.5 Shields


You had 15 spell levels left.
You didn't know any spells.
Your spell library was empty.

Dungeon Overview and Level Annotations

Branches:
Dungeon (13/15)            Temple (0/1) D:6            Lair (5/5) D:11
 Shoals (0/4) Lair:2        Snake (0/4) Lair:2        Slime (0/5) Lair:5
    Orc (2/2) D:9             Elf (0/3) Orc:2         IceCv (visited)
 Vaults: D:13-14

Altars:
Ashenzari
Fedhas
Hepliaklqana
Wu Jian
Xom
Jiyva

Shops:
D:12 *   Orc:2 *?


Innate Abilities, Weirdness & Mutations

You are too large for most types of armour.
You have a pair of small horns on your head.
You have tough skin. (AC +1)
You gain doubled healing and magic from potions.
Whenever you drink a healing potion, you attack all around you.


Message History

You feel a strong urge to attack something.
Things that are here:
a +0 dagger; a +2 robe of cold resistance; an orc corpse You are no longer berserk.
You are exhausted.
You feel yourself slow down.
Things that are here:
a +0 club; a +0 leather armour; a +0 whip
Things that are here:
a +0 morningstar; a +0 chain mail
Items here: )))))) [[[[[ รทรทรท.
Things that are here:
a +0 hand axe; a +0 plate armour; an orc skeleton The demonspawn hits you but does no damage.
The demonspawn claws you!
* * * LOW HITPOINT WARNING * * *
The demonspawn gores you.
* * * LOW HITPOINT WARNING * * *
The demonspawn closely misses you. The demonspawn claws you.
* * * LOW HITPOINT WARNING * * *
The demonspawn gores you but does no damage.
You barely miss the demonspawn. You headbutt the demonspawn!
The demonspawn is lightly wounded.
The demonspawn hits you!
* * * LOW HITPOINT WARNING * * *
The demonspawn claws you.
* * * LOW HITPOINT WARNING * * *
The demonspawn gores you but does no damage.
You hit the demonspawn. You freeze the demonspawn. You headbutt the demonspawn!
The demonspawn is moderately wounded.
The demonspawn hits you.
* * * LOW HITPOINT WARNING * * *
The demonspawn closely misses you. The demonspawn gores you!
* * * LOW HITPOINT WARNING * * *
Unknown command.
You slice the demonspawn!! You freeze the demonspawn.
You headbutt the demonspawn!
The demonspawn is severely wounded.
The demonspawn hits you!
You die...

###..)..).......##
#.....###.
##.)#.#.)...#.#..##
##.....###
#..##....#....##..##
#.......#
..###.).###)..###..##
#...##.## )###)..##
##...###..#####......##
###.).##
##...###..##.#.......#
##...##
##)..###.............
#...##
##..)###.........#.#
.#.##.
##@#.###........#.#
..##.6#
##6..###.......))) .#
#..#
##.#.###......#.... #
#..###
##)..###........#... #
#..#.
##6..###...#....####.
## ...##)).##
##.####.## #. .##
...#.#)#.).## ### ###
#. ..###.....))).## ##
...###.#...#.## #


You could see a demonspawn.

Vanquished Creatures
  Gastronok (D:11)
  The ghost of Dootley the Carver, a journeyman FoFi of Dithmenos (Orc:1)
  The ghost of Wolly the Skirmisher, a journeyman CeHs of Okawaru (Lair:5)
  5 hydras
  An ice dragon (Lair:4)
  2 ironbound frosthearts (IceCv)
  A catoblepas (Lair:5)
  Erica (D:11)
  An ogre mage (D:10)
  A centaur warrior (D:9)
  4 boulder beetles
  2 two-headed ogres
  Urug (D:10)
  5 death yaks
  3 orc high priests (Orc:2)
  2 skysharks
  The ghost of Esekla the Covert, a novice OpDe of Gozag (D:7)
  4 lindwurms (Lair:3)
  5 orc knights
  9 orc sorcerers
  2 oklob plants (Lair:3)
  A wolf spider (Lair:5)
  3 cyclopes
  3 elephants (Lair:5)
  2 manticores
  A guardian serpent (Lair:5)
  2 ice statues
  2 kobold blastminers (Orc:1)
  11 black mambas
  13 cane toads
  3 kobold demonologists (D:11)
  4 unseen horrors
  8 rime drakes
  2 torpor snails
  14 komodo dragons
  3 ice devils
  A red devil (Orc:2)
  8 hornets
  A hellwing (Orc:2)
  14 polar bears
  7 trolls
  21 blink frogs
  8 dream sheep
  A snapping turtle (Lair:2)
  A shadow (D:12)
  52 yaks
  A wraith (D:12)
  A water elemental (Lair:2)
  18 wyverns
  A steam dragon (D:7)
  18 basilisks
  3 wargs
  A redback (Lair:5)
  Grum (D:10)
  A chaos spawn (Orc:2)
  2 nagas (Lair:2)
  30 water moccasins
  3 black bears
  39 orc warriors
  8 ogres
  2 ice beasts
  42 wolves
  6 centaurs
  3 phantoms (D:6)
  7 kobold brigands
  Blork the orc (D:4)
  5 gnoll sergeants
  16 bullfrogs
  A cane toad simulacrum (Lair:4)
  3 scorpions
  An entropy weaver simulacrum (Lair:4)
  3 wights (D:8)
  An elephant simulacrum (Lair:4)
  3 killer bees
  4 electric eels
  7 howler monkeys
  4 jellies
  A bombardier beetle (D:4)
  2 hounds (D:5)
  23 orc priests
  2 gnoll boudas
  3 sleepcaps
  5 iguanas
  14 orc wizards
  10 hell rats
  A wolf simulacrum (Lair:4)
  32 gnolls
  2 naga simulacra (Lair:4)
  9 adders
  2 shadow imps
  14 white imps
  4 ufetubi (D:5)
  A dart slug (D:4)
  2 ribbon worms
  105 orcs
  9 ball pythons
  7 endoplasms
  3 giant cockroaches
  6 goblins
  5 hobgoblins
  8 jackals
  4 quokkas
  7 bats
  5 frilled lizards
  24 kobolds
  6 rats
791 creatures vanquished.

Vanquished Creatures (collateral kills)
  A centaur warrior (D:10)
  A death yak (IceCv)
  A cyclops (D:10)
  A water moccasin (D:7)
  A centaur (D:7)
  A gnoll bouda (D:7)
  An ufetubus (D:7)
7 creatures vanquished.

Vanquished Creatures (others)
  Maurice (D:10)
  An orc priest (Orc:2)
  A spectral weapon (D:12)
3 creatures vanquished.

Grand Total: 801 creatures vanquished

Notes
Turn   | Place    | Note
-------+----------+-------------------------------------------
     0 | D:1      | solopath the Oni Berserker began the quest for the Orb.
     0 | D:1      | Reached XP level 1. HP: 24/24 MP: 1/1
   107 | D:1      | Reached XP level 2. HP: 32/32 MP: 2/2
   625 | D:2      | Reached XP level 3. HP: 39/40 MP: 3/3
   798 | D:2      | Found a shimmering altar of Xom.
   925 | D:3      | Reached ** piety under Trog
   983 | D:3      | Reached skill level 4 in Maces & Flails
  1147 | D:3      | Reached XP level 4. HP: 49/49 MP: 4/4
  1279 | D:3      | Reached skill level 5 in Fighting
  1420 | D:3      | Found a hazy altar of Hepliaklqana.
  1420 | D:3      | Found an ornate altar of the Wu Jian Council.
  1427 | D:3      | Found a faded altar of an unknown god.
  1429 | D:3      | Found a faded altar of an unknown god.
  1431 | D:3      | Found a broken altar of Ashenzari.
  1533 | D:3      | Reached XP level 5. HP: 57/57 MP: 5/5
  1783 | D:4      | Reached skill level 5 in Maces & Flails
  1984 | D:4      | Reached *** piety under Trog
  2224 | D:4      | Noticed Blork the orc
  2227 | D:4      | Killed Blork the orc
  2228 | D:4      | Reached XP level 6. HP: 67/67 MP: 6/6
  2233 | D:4      | Reached skill level 6 in Maces & Flails
  2504 | D:5      | Entered Level 5 of the Dungeon
  2504 | D:5      | Noticed an ice beast
  2522 | D:5      | Killed an ice beast
  2605 | D:5      | Reached XP level 7. HP: 68/76 MP: 7/7
  3169 | D:5      | Reached skill level 7 in Maces & Flails
  3446 | D:5      | Reached XP level 8. HP: 82/88 MP: 8/8
  3557 | D:4      | Reached skill level 8 in Maces & Flails
  3729 | D:5      | Reached **** piety under Trog
  4103 | D:6      | Identified the +11 battleaxe of the Salmon {freeze, Will+
                  | Int+3 Dex+5}
  4387 | D:6      | Reached skill level 9 in Maces & Flails
  4710 | D:6      | Found a staircase to the Ecumenical Temple.
  4710 | D:6      | You fall into a shaft and drop 2 floors!
  4801 | D:8      | Noticed a hornet
  4806 | D:8      | Killed a hornet
  4807 | D:8      | Reached XP level 9. HP: 100/100 MP: 9/9
  4810 | D:8      | Reached skill level 10 in Maces & Flails
  5193 | D:7      | Reached skill level 10 in Fighting
  5789 | D:7      | Noticed a hornet
  5794 | D:7      | Paralysed by a hornet for 2 turns
  5798 | D:7      | Killed a hornet
  6112 | D:7      | Reached skill level 11 in Maces & Flails
  6335 | D:7      | Found a runed translucent gate.
  6335 | D:7      | Found a runed translucent gate.
  6335 | D:7      | Found a runed translucent gate.
  6338 | D:7      | Noticed Esekla's ghost (novice OpDe)
  6484 | D:7      | Reached ***** piety under Trog
  6912 | D:7      | Killed Esekla's ghost
  6913 | D:7      | Reached skill level 12 in Maces & Flails
  6913 | D:7      | Reached XP level 10. HP: 114/114 MP: 10/10
  8091 | D:9      | Noticed a centaur warrior
  8097 | D:9      | Killed a centaur warrior
  8098 | D:9      | Reached skill level 13 in Maces & Flails
  8459 | D:9      | Found a staircase to the Orcish Mines.
  8610 | D:10     | Entered Level 10 of the Dungeon
  8658 | D:10     | Paralysed by a hornet for 3 turns
  8932 | D:10     | Reached skill level 14 in Maces & Flails
  8932 | D:10     | Reached XP level 11. HP: 86/123 MP: 11/11
  9639 | D:10     | Noticed an ogre mage
  9650 | D:10     | Killed an ogre mage
  9773 | D:10     | Noticed a centaur warrior
  9773 | D:10     | Noticed a two-headed ogre
  9780 | D:10     | Killed a two-headed ogre
  9781 | D:10     | Reached skill level 15 in Maces & Flails
  9781 | D:10     | HP: 6/123 [centaur warrior/arrow (13)]
  9783 | D:10     | Killed a centaur warrior
  9785 | D:10     | Noticed a cyclops
 10180 | D:10     | Noticed Maurice
 10467 | D:10     | Something stole a ring of willpower
 10468 | D:10     | Something stole 24 gold
 10473 | D:10     | Something stole 166 gold
 10475 | D:10     | Something stole 150 gold
 10478 | D:10     | Killed Maurice
 10479 | D:10     | Killed a cyclops
 10599 | D:11     | Noticed Urug
 10599 | D:11     | Noticed a cyclops
 10620 | D:10     | Killed Urug
 10621 | D:10     | Reached skill level 16 in Maces & Flails
 10841 | D:11     | Noticed a manticore
 10845 | D:11     | Killed a manticore
 10919 | D:11     | Noticed Grum
 10972 | D:11     | Killed a cyclops
 11103 | D:11     | Noticed Erica
 11111 | D:11     | Killed Erica
 11112 | D:11     | Reached XP level 12. HP: 132/132 MP: 12/12
 11170 | D:11     | Noticed a boulder beetle
 11183 | D:10     | Reached skill level 17 in Maces & Flails
 11341 | D:11     | Killed a boulder beetle
 11493 | D:10     | Killed Grum
 11781 | D:11     | Noticed Gastronok
 11793 | D:11     | Killed Gastronok
 11947 | D:11     | Found a staircase to the Lair.
 12018 | D:11     | Reached skill level 18 in Maces & Flails
 12471 | D:12     | Found the +18 shield of the Gong {Loud rN+ Will+ rCorr
                  | EV-5}
 12477 | D:12     | Found Pychiroe's Assorted Antiques.
 12624 | D:12     | Noticed a boulder beetle
 12643 | D:12     | Killed a boulder beetle
 12683 | D:12     | Noticed a boulder beetle
 12691 | D:12     | Killed a boulder beetle
 12695 | D:12     | Found a frozen archway.
 12722 | IceCv    | Entered an ice cave
 13005 | IceCv    | Reached skill level 19 in Maces & Flails
 13028 | IceCv    | Reached skill level 1 in Shields
 13166 | IceCv    | Reached XP level 13. HP: 127/140 MP: 13/13
 13450 | IceCv    | Reached ****** piety under Trog
 13966 | IceCv    | Reached skill level 1 in Armour
 14843 | D:13     | Found a blossoming altar of Fedhas.
 15075 | Lair:1   | Entered Level 1 of the Lair of Beasts
 15088 | Lair:1   | Reached skill level 20 in Maces & Flails
 16148 | Lair:1   | Identified the +5 giant club "Xiocin" {flame, rElec rN+}
                  | (Trog gifted it to you on level 1 of the Lair of Beasts)
 16148 | Lair:1   | Received a gift from Trog
 16580 | Lair:2   | Upgraded the game from 0.31-b1-22-gc680215f68 to 0.31.0
 16745 | Lair:2   | Found a staircase to the Snake Pit.
 16769 | Lair:2   | Reached XP level 14. HP: 153/153 MP: 14/14
 17479 | Lair:2   | Found a staircase to the Shoals.
 18221 | Lair:3   | HP: 7/225 [wyvern (5)]
 18222 | Lair:3   | HP: 3/226 [rime drake (4)]
 18229 | Lair:3   | Reached skill level 21 in Maces & Flails
 18229 | Lair:3   | Reached skill level 5 in Armour
 18802 | Lair:3   | Received a gift from Trog
 19077 | Lair:3   | Identified the +5 spear "Luwix" {elec, rC+}
 20019 | Lair:3   | Found a blossoming altar of Fedhas.
 21514 | Lair:4   | Reached XP level 15. HP: 130/165 MP: 15/15
 21785 | Lair:5   | Entered Level 5 of the Lair of Beasts
 22246 | Lair:5   | Reached skill level 15 in Fighting
 22331 | Lair:5   | Found a runed translucent door.
 22535 | Lair:5   | Identified the +10 dire flail of Boalas {heavy, ^Fragile
                  | Fly rPois rN+} (Trog gifted it to you on level 5 of the
                  | Lair of Beasts)
 22535 | Lair:5   | Received a gift from Trog
 22536 | Lair:5   | Reached skill level 22 in Maces & Flails
 22800 | Lair:5   | Paralysed by a hornet for 1 turns
 22995 | Lair:5   | Noticed Wolly's ghost (journeyman CeHs)
 23303 | Lair:5   | Killed Wolly's ghost
 24025 | Lair:5   | Found a viscous altar of Jiyva.
 24026 | Lair:5   | Found a staircase to the Slime Pits.
 24825 | Orc:1    | Entered Level 1 of the Orcish Mines
 24873 | Orc:1    | Found a runed translucent door.
 24873 | Orc:1    | Noticed Dootley's ghost (journeyman FoFi)
 25295 | Orc:1    | Killed Dootley's ghost
 25467 | Orc:2    | Entered Level 2 of the Orcish Mines
 26054 | Orc:2    | Received a gift from Trog
 26433 | Orc:2    | Found a staircase to the Elven Halls.
 26597 | Orc:2    | Found Vikhoyr's General Store.
 26951 | Orc:2    | Found Bopp's Magic Scroll Boutique.
 27199 | Orc:2    | Bought a scroll of teleportation for 36 gold pieces
 27199 | Orc:2    | Bought a potion of mutation for 96 gold pieces
 27199 | Orc:2    | Bought a scroll of immolation for 48 gold pieces
 27201 | Orc:2    | Bought a scroll of fog for 56 gold pieces
 27201 | Orc:2    | Bought a scroll of enchant weapon for 105 gold pieces
 27281 | Orc:2    | Reached XP level 16. HP: 90/179 MP: 16/16
 27552 | Orc:2    | Received a gift from Trog
 27577 | Orc:2    | HP: 6/180 [demonspawn (8)]
 27578 | Orc:2    | Slain by a demonspawn

Illustrated notes

Levels and vault maps discovered:
D:1:      mrwooster_arrival_arrow, layout_rooms, ebering_dispersal_statue_hall,
          serial_bayou_pond_b
D:2:      layout_basic, serial_rivers, chequers_serial_rivers_marsh,
          chequers_serial_rivers_micro_c, chequers_serial_rivers_small_b,
          chequers_serial_rivers_micro_c, basic_altar
D:3:      layout_loops_cross, chequers_temple_overflow_minitemple, st_stairs_5,
          serial_bayou_pond_c
D:4:      layout_basic, minmay_increasing_density, uniq_blork_the_orc
D:5:      layout_loops_ring
D:6:      layout_loops_cross, minmay_temple_entry_from_below_a
D:7:      layout_basic, gammafunk_ghost_split, kennysheep_boxes
D:8:      layout_basic
D:9:      layout_loops_ring, orc_0_dummy, mrwooster_statue_mirror,
          lemuel_flame_loot_1
D:10:     minmay_opposing_rooms, layout_loops_corners, uniq_maurice
D:11:     layout_rooms, erik_lair_orcish_takeover, special_room
          [special_room_orc], uniq_grum, uniq_urug, uniq_gastronok, uniq_erica
D:12:     layout_cave_pools, portal_ice_cave_entry_imps, serial_shops, shop
D:13:     minmay_the_grid_octo_triangle [minmay_the_grid_octo_tetromino_candy,
          minmay_the_grid_octo_prize_big_c, minmay_the_grid_octo_empty],
          layout_small_grid, erik_vaults_1, fedhas_altar_3
Lair:1:   layout_cave_pods, grunt_megastairs_1
Lair:2:   cheibrodos_lair_river_kwai, layout_gridlike, minmay_shoals_entry_hut,
          minmay_snake_entry_guardpost_small, nicolae_quartered_pool_little,
          lemuel_fruit_fields, serial_bayou_shore_a
Lair:3:   layout_concentric_octagons, special_room [special_room_mythical_zoo],
          hangedman_tree_tricks, columned_hall_lemuel, minmay_lindwurm_lava
Lair:4:   dreamdust_isle_of_ice, layout_regular_city
Lair:5:   hangedman_lair_tendril_chambers, layout_regular_city, slime_entry_1,
          ebering_ghost_reflecting_pool, serial_bayou_pond_a,
          kennysheep_basilisk_garden
Orc:1:    layout_caves, hellmonk_ghost_happy_afterlife
Orc:2:    pf_orc_diabolical, layout_diamond_mine, nicolae_orc_tapped_out

Skill      XL: |  1  2  3  4  5  6  7  8  9 10 11 12 13 14 15 |
---------------+----------------------------------------------+-----
Maces & Flails | 4 5 6 7 9 12 14 16 19 20 21 22 | 22.9
Fighting       | 5 6 7 9 11 12 13 14 16 | 16.4
Shields        | 1 3 |  3.5
Armour         | 3 6 8 |  8.5
Dodging        | |  2.6

Action                     |  1- 3 |  4- 6 |  7- 9 | 10-12 | 13-15 | 16-18 || total
---------------------------+-------+-------+-------+-------+-------+-------++-------
  Melee: Mace              |    16 |       |       |       |       |       ||    16
         Whip              |   118 |   149 |   212 |       |       |       ||   479
         Headbutt          |    17 |    26 |    48 |    99 |   169 |    18 ||   377
         Punch             |     1 |     2 |     1 |       |       |       ||     4
         Giant club        |       |       |    11 |    61 |   329 |       ||   401
         Battleaxe         |       |       |     8 |    17 |   497 |    40 ||   562
         Quarterstaff      |       |       |   105 |   414 |    84 |       ||   603
         Unarmed           |       |       |       |    13 |       |       ||    13
         Hand axe          |       |       |       |       |    29 |       ||    29
  Throw: Boomerang         |       |     1 |     5 |     3 |       |       ||     9
 Invoke: Berserk           |     1 |     2 |     5 |    13 |    15 |     1 ||    37
         Brothers in Arms  |       |       |     1 |     2 |     1 |       ||     4
         Trog's Hand       |       |       |       |     1 |     1 |       ||     2
  Evoke: Wand              |       |       |       |     3 |       |       ||     3
    Use: Scroll            |       |     3 |    10 |     6 |     8 |       ||    27
         Potion            |       |       |     7 |     7 |     2 |       ||    16
   Stab: Sleeping          |       |     1 |       |       |     1 |       ||     2
         Distracted        |       |       |     1 |       |       |       ||     1
         Paralysed         |       |       |       |     3 |       |       ||     3
 Armour: Animal skin       |    99 |    79 |   284 |     3 |       |       ||   465
         Skin              |       |       |     6 |    16 |       |       ||    22
         Steam dragon scal |       |       |       |   461 |   864 |    41 ||  1366
  Dodge: Dodged            |    85 |    74 |   192 |   186 |   416 |    14 ||   967
